 Dungeon Crawl Stone Soup version 0.27.1-1-g398f81649c (webtiles) character file.

Game seed: 13614327969513722612

17166 ZARRMARR the Covert (level 12, -2/123 HPs)
             Began as an Octopode Monk on Sept 9, 2021.
             Was a Priest of Sif Muna.
             Slain by a large abomination (18 damage)
             ... in a Gauntlet on Sept 10, 2021.
             The game lasted 00:59:15 (13281 turns).

ZARRMARR the Covert (Octopode Monk)                Turns: 13281, Time: 00:59:16

Health: -2/123     AC:  5    Str: 10    XL:     12   Next: 45%
Magic:  21/21      EV: 22    Int: 22    God:    Sif Muna [***...]
Gold:   556        SH:  5    Dex: 20    Spells: 19/23 levels left

rFire    + . .     SeeInvis .   t - +5 falchion of a Hundred Seers {speed, +Rage rF+ Will+ Int+4}
rCold    . . .     Faith    .   (no shield)
rNeg     . . .     Spirit   .   (helmet restricted)
rPois    .         Reflect  +   B - amulet of reflection
rElec    .         Harm     .   n - +4 ring of evasion
rCorr    .         Rampage  .   s - +4 ring of protection
Will     ++...     NoTele   +   E - ring of willpower
Stlth    ..........             I - +6 ring of dexterity
HPRegen  0.30/turn              (no ring)
MPRegen  0.17/turn              (no ring)
                                (no ring)
                                (no ring)

@: berserking, very quick
A: almost no armour, amphibious, 8 rings, camouflage 1, gelatinous body 1,
(nimble swimmer 1), tentacles
a: Renounce Religion, Evoke Berserk Rage, Channel Magic, Forget Spell


You were in a Gauntlet.
You worshipped Sif Muna.
Sif Muna was most pleased with you.
You visited 2 branches of the dungeon, and saw 14 of its levels.
You also visited: Gauntlet.

You collected 676 gold pieces.
You spent 120 gold pieces at shops.

Inventory:

Hand Weapons
 h - a +5 dagger
 t - the +5 falchion of a Hundred Seers (weapon) {speed, +Rage rF+ Will+ Int+4}
   (You found it on level 5 of the Dungeon)

   Attacks with this weapon are significantly faster.
   Int:       It affects your intelligence (+4).
   rF:        It protects you from fire.
   +Rage:     It lets you go berserk.
   Will:      It increases your willpower.
Missiles
 f - a throwing net
 o - a boomerang
 H - 5 javelins (quivered)
Armour
 L - a +0 buckler
Jewellery
 n - a +4 ring of evasion (left tentacle)
 s - a +4 ring of protection (right tentacle)
 B - an amulet of reflection (around mantle)
 E - a ring of willpower (on tentacle)
 I - a +6 ring of dexterity (on tentacle)
Wands
 r - a wand of flame (34)
 y - a wand of charming (25)
 A - a wand of iceblast (11)
Scrolls
 c - a scroll of amnesia
 g - 5 scrolls of teleportation
 j - a scroll of fear
 m - a scroll of vulnerability
 w - 4 scrolls of blinking
 x - a scroll of torment
 C - a scroll of silence
 D - 2 scrolls of enchant armour
 J - a scroll of acquirement {unknown}
 K - a scroll of summoning {unknown}
Potions
 a - 3 potions of brilliance
 b - a potion of haste
 d - 2 potions of flight {unknown}
 e - 4 potions of degeneration {unknown}
 i - 2 potions of attraction {unknown}
 k - 3 potions of heal wounds
 l - 3 potions of berserk rage
 q - 3 potions of curing {unknown}
 v - a potion of cancellation {unknown}
 z - 3 potions of lignification {unknown}
 G - a potion of magic {unknown}
Miscellaneous
 u - a piece from Xom's chessboard (15/15)


   Skills:
 + Level 8.0 Fighting
 + Level 7.9(9.0) Short Blades
 + Level 6.3(8.2) Long Blades
 + Level 8.2 Dodging
 + Level 10.8 Stealth
 + Level 1.3 Shields
 + Level 6.3 Spellcasting
 + Level 7.2 Hexes
 + Level 6.8 Evocations


You had 19 spell levels left.
You knew the following spells:

 Your Spells              Type           Power      Damage    Failure   Level
a - Tukima's Dance        Hex            38%        N/A       1%          3
c - Apportation           Tloc           12%        N/A       9%          1

Your spell library contained the following spells:

 Spells                   Type           Power      Damage    Failure   Level
 Corona                   Hex            42%        N/A       1%          1
 Slow                     Hex            38%        N/A       1%          2
 Confusing Touch          Hex            38%        N/A       1%          3
 Ensorcelled Hibernation  Hex/Ice        44%        N/A       3%          2
 Cause Fear               Hex            19%        N/A       4%          4
 Animate Skeleton         Necr           12%        N/A       9%          1
 Freeze                   Ice            24%        1d5       9%          1
 Magic Dart               Conj           24%        1d4       9%          1
 Pain                     Necr           24%        1d5       9%          1
 Call Imp                 Summ           6%         N/A       13%         2
 Frozen Ramparts          Ice            12%        1d3       26%         3
 Mephitic Cloud           Conj/Pois/Air  6%         N/A       26%         3
 Vampiric Draining        Necr           3%         2d6       26%         3
 Summon Mana Viper        Hex/Summ       22%        N/A       50%         5
 Invisibility             Hex            19%        N/A       56%         6
 Animate Dead             Necr           3%         N/A       65%         4
 Hailstorm                Conj/Ice       6%         3d4       65%         4
 Summon Ice Beast         Ice/Summ       6%         N/A       65%         4
 Alistair's Intoxication  Tmut/Pois      4%         N/A       94%         5
 Borgnjor's Vile Clutch   Necr/Erth      3%         N/A       94%         5
 Fireball                 Conj/Fire      3%         3d4       94%         5
 Death Channel            Necr           3%         N/A       100%        6
 Starburst                Conj/Fire      3%         6d3       100%        6
 Dragon Form              Tmut           3%         N/A       100%        7
 Monstrous Menagerie      Summ           3%         N/A       100%        7
 Ignition                 Fire           3%         3d4       100%        8
 Dragon's Call            Summ           3%         N/A       100%        9


Dungeon Overview and Level Annotations

Branches:
Dungeon (13/15)            Temple (1/1) D:6            Lair (0/6) D:8
    Orc (0/2) D:12        Gauntlet (1/1)
 Vaults: D:13-14

Altars:
Ashenzari
Cheibriados
Dithmenos
Elyvilon
Fedhas
Gozag
Hepliaklqana
Kikubaaqudgha
Makhleb
Nemelex Xobeh
Okawaru
Qazlal
Ru
Sif Muna
Trog
Uskayaw
Vehumet
Wu Jian
Xom
Yredelemnul
Zin
The Shining One

Shops:
D:4 !   D:7 (

Annotations:
D:7 1 runed translucent door, reversiblehash's ghost, novice MiFi
D:11 2 runed translucent doors
D:12 1 runed translucent door Gauntlet 11 transporters, 3 runed translucent doors


Innate Abilities, Weirdness & Mutations

You cannot wear most types of armour.
You are amphibious.
You can wear up to eight rings at the same time.
Your skin changes colour to match your surroundings (Stealth+).
Your rubbery body absorbs attacks. (AC +1, EV +1)
((You are camouflaged near water. (Stealth+)))
You have tentacles for arms and can constrict up to eight enemies at once.


Message History

The large abomination is severely damaged.
You block the small abomination's attack.
The large abomination hits you!!!
The small abomination barely misses you.
You slash the large abomination!
You destroy the large abomination!
Sif Muna accepts your kill.
You slash the small abomination! You squeeze the small abomination!
You destroy the small abomination!
Sif Muna accepts your kill.
The small abomination hits you but does no damage.
You block the small abomination's attack.
You slash the small abomination! You squeeze the small abomination!
The small abomination is severely damaged.
The small abomination completely misses you.
You slash the small abomination!
You destroy the small abomination!
Sif Muna accepts your kill.
The small abomination barely misses you.
The small abomination hits you.
* * * LOW HITPOINT WARNING * * *
You closely miss the small abomination.
The small abomination is moderately damaged.
You slash the small abomination!
The small abomination is severely damaged.
The small abomination hits you!!
* * * LOW HITPOINT WARNING * * *
The small abomination closely misses you.
Unknown command.
You closely miss the large abomination. You squeeze the large abomination!
The large abomination is lightly damaged.
You hit the large abomination but do no damage.
You squeeze the large abomination.
The large abomination is lightly damaged.
You block the small abomination's attack.
You hit the large abomination. You squeeze the large abomination.
The large abomination is moderately damaged.
You block the small abomination's attack.
The large abomination hits you!!
You die...

#≈...............#########
##.8.....8.....8..........
##.....................8...
#≈...###########...........
##...#.........#...########
#≈.∩.#..##.##..#...#.#t....
##...#.##...##}#####.#.###"
#≈...#.#.x...#$#...#.###...
##.8©#..XX@...©#©.©#...©..©
#≈...#.#.x...#=#...#.###..=
##...#.##...##.#####.#.###(
#≈.∩.#xX##.##.X#...#.#.....
##...#........x#...########
#§§.§###########...........
##.§§..................8...
##.8.....8.....8..........
#§...............#########


You could see 2 large abominations and 2 small abominations.

Vanquished Creatures
  Fannar (D:10)
  A boulder beetle (D:12)
  A hydra (D:12)
  5 two-headed ogres
  A large abomination (Gauntlet)
  2 deep elf pyromancers
  A cyclops (D:13)
  Maurice (D:11)
  2 gargoyles
  A troll (D:12)
  A shadow (D:12)
  7 yaks
  A vampire (D:12)
  3 wraiths
  3 wargs (D:8)
  7 vampire mosquitoes (D:12)
  2 water moccasins
  8 orc warriors
  2 sky beasts
  A black bear (D:5)
  2 ice beasts
  5 ogres
  A necrophage (D:7)
  5 centaurs
  2 kobold brigands (D:12)
  2 small abominations (Gauntlet)
  5 gnoll sergeants
  A water moccasin zombie (D:6)
  5 scorpions
  A wyvern skeleton (D:6)
  3 killer bees (D:5)
  An electric eel (D:6)
  3 wights
  2 howler monkeys (D:10)
  4 centaur zombies
  4 orc priests
  4 hounds
  A gnoll shaman (D:7)
  Jessica (D:2)
  4 orc wizards
  A scorpion zombie (D:5)
  4 iguanas
  A killer bee zombie (D:6)
  A hound skeleton (D:4)
  8 gnolls
  5 adders
  A shadow imp (D:5)
  A white imp (D:3)
  An ufetubus (D:7)
  6 worms
  A dart slug (D:3)
  20 orcs
  4 endoplasms
  5 giant cockroaches
  11 goblins
  10 hobgoblins
  2 jackals (D:1)
  2 quokkas
  3 ball pythons
  2 bats (D:2)
  3 frilled lizards (D:3)
  A jackal skeleton (D:4)
  10 kobolds
  7 rats
217 creatures vanquished.

Vanquished Creatures (collateral kills)
  2 two-headed ogres
2 creatures vanquished.

Vanquished Creatures (others)
  2 plants (D:8)
2 creatures vanquished.

Grand Total: 221 creatures vanquished

Notes
Turn   | Place    | Note
-------+----------+-------------------------------------------
     0 | D:1      | ZARRMARR the Octopode Monk began the quest for the Orb.
     0 | D:1      | Reached XP level 1. HP: 16/16 MP: 1/1
   136 | D:1      | Reached skill level 3 in Stealth
   136 | D:1      | Reached XP level 2. HP: 19/21 MP: 2/2
   726 | D:2      | Reached XP level 3. HP: 26/26 MP: 3/3
   752 | D:2      | Noticed Jessica
   762 | D:2      | Killed Jessica
   970 | D:2      | Reached XP level 4. HP: 31/31 MP: 4/4
  1017 | D:2      | Reached skill level 1 in Hexes
  1547 | D:2      | Found a faded altar of an unknown god.
  1828 | D:3      | Found a bloodstained altar of Trog.
  1939 | D:3      | You fall into a shaft and drop 3 floors!
  1964 | D:6      | Reached skill level 4 in Stealth
  1964 | D:6      | Reached skill level 1 in Spellcasting
  1964 | D:6      | Reached XP level 5. HP: 8/37 MP: 6/6
  2224 | D:6      | Reached XP level 6. HP: 22/43 MP: 6/8
  2407 | D:5      | Entered Level 5 of the Dungeon
  2492 | D:4      | Found a white marble altar of Elyvilon.
  2852 | D:3      | Found a radiant altar of Vehumet.
  3080 | D:3      | Noticed an ice beast
  3082 | D:3      | Killed an ice beast
  3083 | D:3      | Reached XP level 7. HP: 48/48 MP: 8/10
  3259 | D:3      | Found a sacrificial altar of Ru.
  3532 | D:4      | Reached skill level 5 in Stealth
  3548 | D:4      | Found Xufig's Distillery.
  3556 | D:4      | Bought a potion of berserk rage for 60 gold pieces
  3556 | D:4      | Bought a potion of heal wounds for 60 gold pieces
  4151 | D:5      | Identified the +5 falchion of a Hundred Seers {speed, +Rage
                  | rF+ Will+ Int+4}
  4234 | D:4      | Reached XP level 8. HP: 29/54 MP: 11/11
  4378 | D:5      | Reached skill level 6 in Stealth
  4594 | D:5      | Reached skill level 1 in Long Blades
  4983 | D:5      | Reached skill level 1 in Evocations
  5101 | D:5      | Found a broken altar of Ashenzari.
  5275 | D:5      | Reached skill level 5 in Fighting
  5437 | D:6      | Reached skill level 5 in Short Blades
  5740 | D:6      | Reached skill level 5 in Dodging
  5791 | D:6      | Found a staircase to the Ecumenical Temple.
  5810 | Temple   | Entered the Ecumenical Temple
  6034 | D:6      | Noticed a yak
  6034 | D:6      | Noticed a yak
  6047 | D:6      | Noticed a yak
  6048 | D:6      | Noticed a yak
  6049 | D:6      | Noticed a yak
  6051 | D:6      | Noticed a yak
  6054 | D:6      | Killed a yak
  6055 | D:6      | Reached XP level 9. HP: 43/61 MP: 12/14
  6066 | D:6      | Reached skill level 7 in Stealth
  6588 | D:7      | Noticed a two-headed ogre
  6896 | D:7      | Found Ilovvoled's Weapon Shop.
  6955 | D:7      | Noticed reversiblehash's ghost (novice MiFi)
  6958 | D:7      | Found a runed translucent door.
  6997 | D:7      | Killed a two-headed ogre
  6998 | D:7      | Reached skill level 8 in Stealth
  6998 | D:7      | Reached skill level 5 in Hexes
  6998 | D:7      | Reached XP level 10. HP: 68/68 MP: 14/16
  7314 | D:6      | Found a staircase to the Ecumenical Temple.
  7954 | D:8      | Found a staircase to the Lair.
  8109 | D:8      | Noticed a gargoyle
  8111 | D:8      | Found a glowing golden altar of the Shining One.
  8124 | D:8      | Killed a gargoyle
  8951 | D:9      | Noticed a gargoyle
  8962 | D:9      | Killed a gargoyle
  9622 | D:9      | Learned a level 3 spell: Tukima's Dance
  9624 | D:9      | Learned a level 1 spell: Apportation
  9631 | D:9      | Noticed a two-headed ogre
  9638 | D:9      | Killed a two-headed ogre
  9639 | D:9      | Reached skill level 9 in Stealth
  9724 | D:9      | Noticed a two-headed ogre
  9734 | D:9      | Killed a two-headed ogre
  9735 | D:9      | Reached skill level 5 in Spellcasting
  9735 | D:9      | Reached skill level 5 in Evocations
  9735 | D:9      | Reached XP level 11. HP: 74/74 MP: 11/18
  9863 | D:9      | Found a shimmering blue altar of Sif Muna.
  9875 | D:9      | Became a worshipper of Sif Muna the Loreminder
  9875 | D:9      | Reached * piety under Sif Muna
  9875 | D:9      | Reached ** piety under Sif Muna
  9951 | D:10     | Entered Level 10 of the Dungeon
  9998 | D:10     | Noticed a two-headed ogre
 10008 | D:10     | Killed a two-headed ogre
 10102 | D:10     | Noticed a two-headed ogre
 10105 | D:10     | Killed a two-headed ogre
 10106 | D:10     | Reached skill level 5 in Long Blades
 10109 | D:10     | Noticed Fannar
 10119 | D:10     | Killed Fannar
 11092 | D:11     | Noticed a two-headed ogre
 11098 | D:11     | Killed a two-headed ogre
 11099 | D:11     | Reached skill level 10 in Stealth
 11142 | D:11     | Noticed a deep elf pyromancer
 11147 | D:11     | Killed a deep elf pyromancer
 11206 | D:11     | Found a runed translucent door.
 11206 | D:11     | Noticed a brown ugly thing
 11207 | D:11     | Found a runed translucent door.
 11207 | D:11     | Noticed a centaur warrior
 11246 | D:11     | Noticed Maurice
 11256 | D:11     | Killed Maurice
 11707 | D:12     | Noticed a boulder beetle
 11734 | D:12     | Killed a boulder beetle
 11901 | D:12     | Found a staircase to the Orcish Mines.
 11988 | D:12     | Reached XP level 12. HP: 82/82 MP: 20/20
 12273 | D:12     | Reached *** piety under Sif Muna
 12284 | D:12     | Noticed a two-headed ogre
 12294 | D:12     | Killed a two-headed ogre
 12690 | D:12     | Noticed a six-headed hydra
 12697 | D:12     | Killed a six-headed hydra
 12754 | D:12     | Found a runed translucent door.
 12959 | D:13     | Reached skill level 1 in Shields
 12996 | D:13     | Found a gate leading to a gauntlet.
 13003 | Gauntlet | Entered a Gauntlet
 13003 | Gauntlet | Found a transporter.
 13007 | Gauntlet | Noticed a green death
 13069 | Gauntlet | Found a runed translucent gate.
 13070 | Gauntlet | Found a transporter.
 13070 | Gauntlet | Found a runed translucent gate.
 13072 | Gauntlet | Noticed a green death
 13075 | Gauntlet | Found a runed translucent gate.
 13082 | Gauntlet | Found a transporter.
 13086 | Gauntlet | Found a transporter.
 13096 | Gauntlet | Found a transporter.
 13098 | Gauntlet | Noticed a dire elephant
 13116 | Gauntlet | Found a transporter.
 13132 | Gauntlet | Found a transporter.
 13146 | Gauntlet | Found a transporter.
 13150 | Gauntlet | Found a transporter.
 13158 | Gauntlet | Found a transporter.
 13188 | Gauntlet | Found a transporter.
 13188 | Gauntlet | Found a transporter.
 13281 | Gauntlet | Slain by a large abomination

Illustrated notes

Levels and vault maps discovered:
D:1:      dpeg_arrival_orchard, layout_basic, interstate_on_off
D:2:      layout_basic, ebering_ecumenical_altar_mist, minmay_tetromino_l2,
          uniq_jessica
D:3:      layout_loops_corners, trog_hazing_becter,
          mainiacjoe_overflow_brackets,
          mainiacjoe_overflow_concentric_impassable, serial_rivers,
          chequers_serial_rivers_small_a, chequers_serial_rivers_marsh,
          chequers_serial_rivers_micro_c, chequers_serial_rivers_micro_a,
          minmay_misc_feat_ornament
D:4:      minmay_diamond_boxcup, layout_cave_pools, elyvilon_altar_5,
          serial_shops, nicolae_square_shop
D:5:      layout_cave_pools, mainiacjoe_overflow_24_doors, patterned_corridor
D:6:      layout_loops_ring, minmay_temple_entry_statues_fountains,
          nicolae_water_bricks
D:7:      layout_rooms, hellmonk_ghost_happy_afterlife, serial_shops,
          nicolae_shop_stone
D:8:      layout_basic, mainiacjoe_overflow_boulevard, erik_lair_orcish_takeover
D:9:      layout_big_octagon, kennysheep_orc_sif_temple
D:10:     layout_basic, nrook_loot_triangle, uniq_fannar
D:11:     minmay_the_grid_triangle_9x9_rhombus_full
          [minmay_the_grid_triangle_9x9_windchime,
          minmay_the_grid_triangle_9x9_cache,
          minmay_the_grid_triangle_9x9_swiss_cheese,
          minmay_the_grid_triangle_9x9_tough_junction,
          minmay_the_grid_triangle_9x9_minimal,
          minmay_the_grid_triangle_9x9_sprig,
          minmay_the_grid_triangle_9x9_zippers_horizontal,
          minmay_the_grid_triangle_9x9_prize_center], layout_loops_ring,
          uniq_maurice
D:12:     cheibrodos_body_horror, layout_long_grid,
          kennysheep_orc_monster_closet_entryway
D:13:     lemuel_ice_spiral_2, layout_rooms, gauntlet_entry_generic
Temple:   regret_index_temple_waves
Gauntlet: minmay_gauntlet_mixed_oops_all_seconds
          [minmay_gauntlet_arena_77_chump_sandwich,
          gammafunk_gauntlet_arena_split_diamond,
          minmay_gauntlet_arena_77_run_for_it, gammafunk_gauntlet_arena_spirals,
          minmay_gauntlet_arena_77_mirror, nicolae_gauntlet_arena_grate_2,
          gauntlet_exit_green]

Skill      XL: |  1  2  3  4  5  6  7  8  9 10 11 12 |
---------------+-------------------------------------+-----
Stealth        | 3 4 5 6 8 9 10 | 10.8
Hexes          | 1 2 3 4 5 6 7 |  7.2
Spellcasting   | 1 2 3 4 5 6 |  6.3
Fighting       | 4 5 6 7 8 |  8.0
Short Blades   | 4 5 6 7 |  7.9
Dodging        | 4 5 6 7 8 |  8.2
Long Blades    | 2 3 4 5 6 |  6.3
Evocations     | 2 3 5 6 |  6.8
Shields        | 1 |  1.3

Action                   |  1- 3 |  4- 6 |  7- 9 | 10-12 || total
-------------------------+-------+-------+-------+-------++-------
Melee: Short sword       |    32 |       |       |       ||    32
       Constrict         |     9 |    17 |    28 |    42 ||    96
       Tentacles         |     6 |    12 |    40 |    88 ||   146
       Dagger            |     1 |    95 |    68 |    28 ||   192
       Falchion          |       |       |   103 |   271 ||   374
Throw: Boomerang         |       |       |     6 |     1 ||     7
       Javelin           |       |       |       |     9 ||     9
 Cast: Tukima's Dance    |       |       |       |     9 ||     9
       Apportation       |       |       |       |    17 ||    17
 Abil: Evoke Berserk Rag |       |       |     4 |    22 ||    26
Evoke: Wand              |       |       |     5 |       ||     5
  Use: Scroll            |     1 |     7 |     4 |     3 ||    15
 Stab: Sleeping          |     9 |    14 |    13 |    16 ||    52
       Distracted        |       |       |     1 |     1 ||     2
Armor: Skin              |     2 |     6 |    11 |    11 ||    30
Dodge: Dodged            |    12 |    62 |    97 |   150 ||   321
Block: Other             |       |       |       |    32 ||    32
       Reflection        |       |       |       |     3 ||     3
       Rpst.: Falchion   |       |       |    21 |    47 ||    68
